 Dungeon Crawl Stone Soup version 0.25.1-2-g60ff931df9 (webtiles) character file.

Game seed: 12982860678122043768

26 Arcadio the Chopper (level 2, -1/24 HPs)
             Began as a Demonspawn Chaos Knight on Dec 4, 2020.
             Was a Plaything of Xom.
             Slain by a gnoll
             ... wielding a +0 halberd
              (6 damage)
             ... on level 2 of the Dungeon.
             The game lasted 00:04:03 (935 turns).

Arcadio the Chopper (Demonspawn Chaos Knight)        Turns: 935, Time: 00:04:04

Health: -1/24      AC:  5    Str: 12    XL:     2   Next: 89%
Magic:  2/2        EV: 11    Int: 13    God:    Xom [.....*]
Gold:   91         SH:  0    Dex: 12    Spells: 1/1 levels left

rFire    + . .     SeeInvis .   a - +0 hand axe (chaos)
rCold    . . .     Gourm    .   (no shield)
rNeg     . . .     Faith    .   b - +2 leather armour
rPois    .         Spirit   .   (no helmet)
rElec    .         Reflect  .   (no cloak)
rCorr    .         Harm     .   (no gloves)
MR       .....                  (no boots)
Stlth    +.........             (no amulet)
HPRegen  0.08/turn              (no ring)
MPRegen  0.08/turn              (no ring)

@: no status effects
A: fire resistance 1
a: Renounce Religion


You were on level 2 of the Dungeon.
You worshipped Xom.
You were Xom's teddy bear.
You were not hungry.

You visited 1 branch of the dungeon, and saw 2 of its levels.

You collected 91 gold pieces.

Inventory:

Hand Weapons
 a - a +0 hand axe of chaos (weapon)
 d - a +0 hunting sling
Missiles
 q - 24 sling bullets
Armour
 b - a +2 leather armour (worn)
Jewellery
 j - an uncursed amulet of regeneration {unknown}
 n - an uncursed amulet of the acrobat {unknown}
Scrolls
 m - a scroll of random uselessness {unknown}
 o - a scroll of fog {unknown}
 p - a scroll of remove curse {unknown}
Potions
 f - a potion of degeneration
 g - 2 potions of curing
 i - a potion of flight {unknown}
 k - a potion of might {unknown}
 l - 3 potions of heal wounds
Comestibles
 c - 3 rations
 h - 4 chunks of flesh


   Skills:
 - Level 3.1 Fighting
 + Level 3.3 Axes
 + Level 2.3 Armour
 - Level 0.8 Dodging


You had one spell level left.
You didn't know any spells.
Your spell library was empty.

Dungeon Overview and Level Annotations

Branches:
Dungeon (2/15)

Altars:


Innate Abilities, Weirdness & Mutations

Your flesh is heat resistant. (rF+)


Message History

The gnoll hits you.
A gnoll comes into view. It is wielding a +0 halberd.
The gnoll is engulfed in seething chaos.
The gnoll seems to grow stronger.
The gnoll stops moving altogether!
A gnoll comes into view. It is wielding a +0 halberd.
The gnoll hits you but does no damage. The gnoll hits you with a +0 halberd!
* * * LOW HITPOINT WARNING * * *
A shower of butterflies erupts from you!
Found 3 gold pieces.
You hit the gnoll. You burn the gnoll.
The gnoll is severely wounded.
Your butterfly is engulfed in seething chaos.
Your butterfly seems to grow stronger.
Your butterfly is engulfed in seething chaos. x2
Your butterfly flickers and vanishes for a moment.
Your butterfly is engulfed in seething chaos.
The gnoll hits you with a +0 halberd.
You die...

######## ### #......#
..# #.####.# ..# #.# #.#
..###.####.########.####
..'.........§§bb@gb....$
.÷###.#....########.#.##
#.# #.#...g..#####
#.###.#...........
.>.......††.....g.
#####........#####
....'...#......
#####...#..#####
...........#


You could see a gnoll.

Vanquished Creatures
  A dart slug (D:1)
  2 bats (D:1)
  3 giant cockroaches (D:1)
  3 goblins (D:1)
  2 jackals (D:2)
  A ball python (D:1)
  2 frilled lizards (D:1)
  4 kobolds (D:1)
  4 rats
22 creatures vanquished.

Notes
Turn   | Place    | Note
-------+----------+-------------------------------------------
     0 | D:1      | Arcadio the Demonspawn Chaos Knight began the quest for the
                  | Orb.
     0 | D:1      | Reached XP level 1. HP: 18/18 MP: 1/1
    78 | D:1      | XOM: silly message
   196 | D:1      | XOM: butterfly on damage
   198 | D:1      | Gained mutation: Your flesh is heat resistant. (rF+)
                  | [demonic ancestry]
   198 | D:1      | Reached XP level 2. HP: 10/24 MP: 2/2
   309 | D:1      | XOM: 2-stop teleportation journey
   567 | D:1      | XOM: swap monsters
   624 | D:1      | XOM: 7-stop teleportation journey
   886 | D:2      | XOM: cloud trail
   934 | D:2      | XOM: butterfly on damage
   935 | D:2      | Slain by a gnoll

Illustrated notes

Levels and vault maps discovered:
D:1:      dpeg_arrival_orchard, layout_loops_cross
D:2:      layout_basic, xom_teletrap_fun, first_ration

Skill      XL: |  1  2 |
---------------+-------+-----
Axes           | 3 |  3.3
Armour         | 2 |  2.3
Fighting       | |  3.1
Dodging        | |  0.8

Action                   || total
-------------------------++-------
Melee: Hand axe          ||    61
  Use: Scroll            ||     3
 Stab: Sleeping          ||     1
Armor: Leather armour    ||    41
Dodge: Dodged            ||    40
